 Dungeon Sprint DCSS version 0.20-a0-640-g62ed22f (webtiles) character file.

95 esc the Sneak (level 4, -4/23 HPs)
             Began as a Spriggan Enchanter on Feb 12, 2017.
             Slain by a tyrant leech (27 damage)
             ... in the Dungeon (Sprint II: "The Violet Keep of Menkaure").
             The game lasted 00:01:06 (290 turns).

esc the Sneak (Spriggan Enchanter)                   Turns: 290, Time: 00:01:07

Health: -4/23      AC:  2    Str:  4    XL:     4   Next: 39%
Magic:  10/12      EV: 21    Int: 16    God:
Gold:   243        SH:  0    Dex: 17    Spells: 1/13 levels left

rFire    . . .     SeeInvis +   a - +1 dagger
rCold    . . .     Gourm    .   b - +0 robe
rNeg     . . .     Faith    .   (shield restricted)
rPois    .         Spirit   .   (helmet restricted)
rElec    .         Reflect  .   (no cloak)
rCorr    .         Harm     .   (gloves unavailable)
MR       .....     NoTele   +   (boots unavailable)
Stlth    ++++......             (no amulet)
Regen    0.1/turn               (no ring)
MPRegen  0.2/turn               (no ring)

@: very quick
A: unfitting armour, see invisible, herbivore 3, speed 3, slow metabolism 2
a: no special abilities


You were in the Dungeon.
You were not hungry.

You visited 1 branch You collected 243 gold pieces.

Inventory:

Hand Weapons
 a - a +1 dagger (weapon)
Armour
 b - a +0 robe (worn)
Scrolls
 j - a scroll of blinking {!r}
Potions
 e - a potion of curing
 f - a potion of heal wounds
 g - a potion of haste
 h - 2 potions of magic
 i - a potion of berserk rage {!q}
Books
 c - a book of Maledictions
Comestibles
 d - a bread ration {@e1}


   Skills:
 + Level 2.7 Fighting
 + Level 3.7 Short Blades
 + Level 5.8 Dodging
 + Level 7.2 Stealth
 + Level 5.0 Spellcasting
 + Level 5.5 Hexes


You had one spell level left.
You knew the following spells:

 Your Spells              Type           Power        Failure   Level  Hunger
a - Ensorcelled Hibernat  Hex/Ice        ##....       10%         2    #......
b - Tukima's Dance        Hex            ###.....     6%          3    ###....
c - Confuse               Hex            ###.....     6%          3    ###....
d - Dazzling Spray        Conj/Hex       ##....       14%         3    ###....
v - Corona                Hex            ###....      1%          1    None


Dungeon Overview and Level Annotations

Branches:
Dungeon (1/1)

Altars:


Innate Abilities, Weirdness & Mutations

You are very small and have problems with some larger weapons.
You are too small for most types of armour.
You have supernaturally acute eyesight. (SInv)
You are a herbivore.
You cover ground extremely quickly.
You need consume almost no food.


Message History

There is an open door here.
The helpless worker ant fails to defend itself.
You impale the worker ant!!
You kill the worker ant!
Your Fighting skill increases to level 1!
Your Short Blades skill increases to level 2!
Your Dodging skill increases to level 4!
Your Stealth skill increases to level 5!
Your Spellcasting skill increases to level 3!
Your Hexes skill increases to level 4!
You have reached level 2!
Health restored: 14 The helpless worker ant fails to defend itself.
You impale the worker ant!!
You kill the worker ant!
Your Fighting skill increases to level 2!
Your Short Blades skill increases to level 3!
Your Dodging skill increases to level 5!
Your Stealth skill increases to level 6!
Your Spellcasting skill increases to level 4!
You have reached level 3!
Your experience leads to an increase in your attributes!
Increase (S)trength, (I)ntelligence, or (D)exterity?
You feel agile. The worker ant completely misses you.
Health restored: 18 You see here 243 gold pieces.
The helpless worker ant fails to defend itself.
You skewer the worker ant like a kebab!!!
You kill the worker ant!
Your Hexes skill increases to level 5!
You have reached level 4!
The worker ant bites you.
You are poisoned.
The worker ant poisons you!
You take 1 damage, and have 17/23 hp.
You feel sick.
You take 1 damage, and have 16/23 hp.
There is an open door here.
You feel sick.
You close the door.
You start resting.
You feel sick. x6
You are no longer poisoned.
You take 5 damage, and have 11/23 hp.
MASSIVE DAMAGE!!
You regained 3 mp, and now have 8/11 mp.
You start resting.
Health restored: 23; MP restored: 11 Memorise Confuse, consuming 3 spell levels and leaving 8?
You start memorising the spell.
You continue memorising. x3
You finish memorising.
Spell assigned to 'c'.
Memorise Tukima's Dance, consuming 3 spell levels and leaving 5?
You start memorising the spell.
You continue memorising. x3
You finish memorising.
Spell assigned to 'a'.
Memorise Ensorcelled Hibernation, consuming 2 spell levels and leaving 3?
You start memorising the spell.
You continue memorising. x2
You finish memorising.
Spell assigned to 'b'.
Memorise Dazzling Spray, consuming 3 spell levels and leaving 0?
You start memorising the spell.
You continue memorising. x3
You finish memorising.
Spell assigned to 'd'.
Adjust (i)tems, (s)pells, or (a)bilities?
Huh?
Unknown command.
Unknown command.
Adjust (i)tems, (s)pells, or (a)bilities?
Adjust which spell? b - Ensorcelled Hibernation Adjust to which letter? a - Ensorcelled Hibernation; b - Tukima's Dance You open the door.
Aim: a worker ant (hasn't noticed you, chance to defeat MR: 51%)
The worker ant resists with some effort.
You now have 9/11 mp.
Aim: a worker ant (chance to defeat MR: 51%)
The worker ant resists with some effort.
The worker ant completely misses you.
You now have 7/11 mp.
Aim: a worker ant (chance to defeat MR: 51%)
The worker ant looks drowsy...
You now have 5/11 mp.
The helpless worker ant fails to defend itself.
You impale the worker ant!!
You kill the worker ant!
Your Stealth skill increases to level 7!
Your Spellcasting skill increases to level 5!
You start resting.
MP restored: 12
There is an open door here.
You now have 243 gold pieces.
There is an open door here.
You open the door.
There is an open door here.
You see here 243 gold pieces.
The helpless tyrant leech fails to defend itself.
You spit the tyrant leech like a pig!!! The tyrant leech barely misses you.
Aim: a tyrant leech (severely wounded, chance to defeat MR: 26%)
The tyrant leech resists with almost no effort.
The tyrant leech bites you!!
Ouch! That really hurt!
You die...

## ## ##.
.## ..#m.
## ...
##.###+#
#.w@##.##
+###'.<.+
#.w.##.##
##.###'##
####.#.##
#..#..#
###.###
#+#


You could see a tyrant leech.

Vanquished Creatures
  4 worker ants (D)
4 creatures vanquished.

Vanquished Creatures (others)
  A crocodile (D)
1 creature vanquished.

Grand Total: 5 creatures vanquished

Notes
Turn   | Place    | Note
-------+----------+-------------------------------------------
     0 | D        | esc the Spriggan Enchanter began the quest for the Orb.
     0 | D        | Reached XP level 1. HP: 9/9 MP: 5/5
     1 | D        | Noticed a merfolk siren
     4 | D        | Noticed a tyrant leech
     4 | D        | Noticed a tyrant leech
     7 | D        | Noticed a worker ant
     7 | D        | Noticed a worker ant
     7 | D        | Noticed a worker ant
     7 | D        | Noticed a worker ant
    10 | D        | Killed a worker ant
    10 | D        | Reached skill level 1 in Fighting
    10 | D        | Reached skill level 2 in Short Blades
    10 | D        | Reached skill level 4 in Dodging
    10 | D        | Reached skill level 5 in Stealth
    10 | D        | Reached skill level 3 in Spellcasting
    10 | D        | Reached skill level 4 in Hexes
    10 | D        | Reached XP level 2. HP: 14/14 MP: 5/7
    11 | D        | Reached skill level 2 in Fighting
    11 | D        | Reached skill level 3 in Short Blades
    11 | D        | Reached skill level 5 in Dodging
    11 | D        | Reached skill level 6 in Stealth
    11 | D        | Reached skill level 4 in Spellcasting
    11 | D        | Reached XP level 3. HP: 18/18 MP: 5/9
    14 | D        | Reached skill level 5 in Hexes
    14 | D        | Reached XP level 4. HP: 23/23 MP: 5/11
    46 | D        | Killed a crocodile
   209 | D        | Learned a level 3 spell: Confuse
   213 | D        | Learned a level 3 spell: Tukima's Dance
   216 | D        | Learned a level 2 spell: Ensorcelled Hibernation
   220 | D        | Learned a level 3 spell: Dazzling Spray
   224 | D        | Reached skill level 7 in Stealth
   224 | D        | Reached skill level 5 in Spellcasting
   290 | D        | Slain by a tyrant leech

Vault maps used:
D:        the_violet_keep_of_menkaure

Skill      XL: |  1  2  3  4 |
---------------+-------------+-----
Fighting       | 1 2 |  2.7
Short Blades   | 2 3 |  3.7
Dodging        | 4 5 |  5.8
Stealth        | 5 6 7 |  7.2
Spellcasting   | 3 4 5 |  5.0
Hexes          | 4 5 |  5.5

Action                   |  1- 3 |  4- 6 || total
-------------------------+-------+-------++-------
Melee: Dagger            |     3 |     2 ||     5
 Cast: Ensorcelled Hiber |       |     4 ||     4
 Stab: Sleeping          |     3 |     2 ||     5
Dodge: Dodged            |     1 |     2 ||     3

Vault maps used:
D:        the_violet_keep_of_menkaure

Table legend:
 A = Turns spent in this place as a percentage of turns spent in the entire game.
 B = Non-inter-level travel turns spent in this place as a percentage of non-inter-level travel turns spent in the entire game.
 C = Inter-level travel turns spent in this place as a percentage of turns spent in this place.
 D = Turns resting spent in this place as a percentage of non-inter-level travel turns spent in this place.
 E = Turns spent auto-exploring this place as a percentage of non-inter-level travel turns spent in this place.
 F = Non-inter-level travel turns spent in this place divided by the number of levels of this place that you've seen.
                   A       B       C       D       E      F
               +-------+-------+-------+-------+-------+----------------------
         Total | 100.0 | 100.0 |   0.0 |  10.0 |   0.0 |  50.0
       Dungeon | 100.0 | 100.0 |   0.0 |  10.0 |   0.0 |  50.0
               +-------+-------+-------+-------+-------+----------------------

Table legend:
 A = Kills in this place as a percentage of kills in entire the game.
 B = Kills by you in this place as a percentage of kills by you in the entire game.
 C = Kills by friends in this place as a percentage of kills by friends in the entire game.
 D = Other kills in this place as a percentage of other kills in the entire game.
 E = Experience gained in this place as a percentage of experience gained in the entire game.
 F = Experience gained in this place divided by the number of levels of this place that you have seen.
                   A       B       C       D       E      F
               +-------+-------+-------+-------+-------+----------------------
         Total | 100.0 | 100.0 |  -nan |  -nan | 100.0 | 136.0
       Dungeon | 100.0 | 100.0 |  -nan |  -nan | 100.0 | 136.0
               +-------+-------+-------+-------+-------+----------------------
